 Dungeon Crawl Stone Soup version 0.27.0-1-g7a089689b8 (webtiles) character file.

Game seed: 4718815192094097201

215 BOMJPIETVODKU the Ruffian (level 5, 0/46 HPs)
             Began as a Ghoul Monk on Aug 3, 2021.
             Was a Plaything of Xom.
             Slain by a black bear (1 damage)
             ... on level 3 of the Dungeon.
             The game lasted 00:08:06 (2676 turns).

BOMJPIETVODKU the Ruffian (Ghoul Monk)              Turns: 2676, Time: 00:08:07

Health: 0/46       AC:  5    Str: 16    XL:     5   Next: 92%
Magic:  4/4        EV:  9    Int:  5    God:    Xom [..*...]
Gold:   87         SH:  0    Dex: 11    Spells: 4/4 levels left

rFire    . . .     SeeInvis .     - Unarmed
rCold    + + .     Faith    .   (no shield)
rNeg     + + +     Spirit   .   b - +1 leather armour {rC+}
rPois    ∞         Reflect  .   f - +0 helmet
rElec    .         Harm     .   (no cloak)
rCorr    .         Rampage  .   (no gloves)
Will     .....                  (no boots)
Stlth    ++........             (no amulet)
HPRegen  0.00/turn              (no ring)
MPRegen  0.09/turn              (no ring)

@: inhibited regen, constricted
A: claws 1, cold resistance 1, negative energy resistance 3, inhibited
regeneration, torment resistance 2
a: Renounce Religion


You were on level 3 of the Dungeon.
You worshipped Xom.
You were a toy of Xom.
You visited 1 branch of the dungeon, and saw 4 of its levels.

You collected 87 gold pieces.

Inventory:

Armour
 a - a +0 robe
 b - a +1 leather armour of cold resistance (worn)
 f - a +0 helmet (worn)
 k - a +0 chain mail
Wands
 j - a wand of polymorph (8)
Scrolls
 c - a scroll of vulnerability {unknown}
 d - a scroll of summoning {unknown}
 e - a scroll of silence {unknown}
 g - 2 scrolls of torment {unknown}
 h - a scroll of teleportation {unknown}
 i - 2 scrolls of identify {unknown}


   Skills:
 * Level 4.1 Fighting
 * Level 2.3 Armour
 + Level 3.1 Dodging
 - Level 2.1 Stealth
 * Level 5.3 Unarmed Combat


You had 4 spell levels left.
You didn't know any spells.
Your spell library contained the following spells:

 Spells                   Type           Power      Damage    Failure   Level
 Animate Skeleton         Necr           0%         N/A       54%         1
 Pain                     Necr           0%         1d4       54%         1
 Fireball                 Conj/Fire      0%         3d3       100%        5
 Starburst                Conj/Fire      0%         8x6d3     100%        6
 Ignition                 Fire           0%         3d3       100%        8


Dungeon Overview and Level Annotations

Branches:
Dungeon (4/15)
 Temple: D:4-7

Altars:
Xom


Innate Abilities, Weirdness & Mutations

You thrive by killing the living.
You are immune to poison.
You have sharp fingernails.
Your flesh is cold resistant. (rC+)
You are immune to negative energy. (rN+++)
You do not regenerate when monsters are visible.
You are immune to unholy pain and torment.


Message History

The black bear is heavily wounded.
The ball python bites you but does no damage.
The ball python constricts you. The black bear bites you.
The black bear closely misses you. The black bear claws you.
You scratch the black bear.
The black bear is heavily wounded.
The ball python bites you but does no damage.
The ball python constricts you. The black bear bites you.
The black bear barely misses you.
The black bear claws you but does no damage.
The ball python bites you but does no damage.
The ball python constricts you.
You scratch the black bear.
The black bear is severely wounded.
The ball python bites you. The ball python constricts you.
The black bear goes berserk!
You scratch the black bear.
The black bear is severely wounded.
The black bear bites you! The black bear completely misses you.
The black bear claws you but does no damage.
The ball python bites you. The ball python constricts you.
You claw the black bear!
The black bear is almost dead.
The black bear bites you!
* * * LOW HITPOINT WARNING * * *
The black bear claws you but does no damage.
The black bear claws you.
* * * LOW HITPOINT WARNING * * *
The ball python closely misses you.
* * * LOW HITPOINT WARNING * * *
The ball python constricts you.
You barely miss the black bear.
The black bear is almost dead.
The black bear bites you.
* * * LOW HITPOINT WARNING * * *
The black bear claws you.
* * * LOW HITPOINT WARNING * * *
The black bear claws you.
You die... "This toy is broken."

##...........#
8#...........#
.#...........#
8#...........#
##...........#
.............#
.....###########
...#######.....##########
..............gh@S......#
....####....#..#######.##
###.####.#.....# #.#
#....#....#..# #.#
#..#.#....#..# #.#
###..#.####.#..# #.#
.....#.....<#..# #.#
####.########..#######.#
.......................#


You could see a black bear (berserk), a goblin and a ball python.

Vanquished Creatures
  A scorpion (D:3)
  Jessica (D:3)
  Robin (D:2)
  2 adders (D:2)
  3 dart slugs (D:1)
  An orc (D:3)
  6 ball pythons
  5 bats
  4 endoplasms
  2 giant cockroaches
  18 goblins
  10 hobgoblins
  11 jackals
  7 kobolds
  3 quokkas
  3 frilled lizards
  4 rats
82 creatures vanquished.

Notes
Turn   | Place    | Note
-------+----------+-------------------------------------------
     0 | D:1      | BOMJPIETVODKU the Ghoul Monk began the quest for the Orb.
     0 | D:1      | Reached XP level 1. HP: 19/19 MP: 0/0
   176 | D:1      | Reached XP level 2. HP: 24/26 MP: 1/1
   394 | D:1      | Reached XP level 3. HP: 27/33 MP: 2/2
   604 | D:1      | Reached skill level 4 in Unarmed Combat
   915 | D:2      | Noticed Robin
  1058 | D:1      | Reached skill level 1 in Armour
  1253 | D:1      | Reached XP level 4. HP: 23/40 MP: 3/3
  1412 | D:2      | Killed Robin
  1937 | D:3      | Noticed a scorpion
  1945 | D:3      | Killed a scorpion
  1946 | D:3      | Reached skill level 5 in Unarmed Combat
  1946 | D:3      | Reached XP level 5. HP: 46/46 MP: 4/4
  2113 | D:3      | Noticed Jessica
  2118 | D:3      | Killed Jessica
  2134 | D:3      | Got Jessica's Disquisition on Evil Arts
  2303 | D:3      | Found a faded altar of an unknown god.
  2339 | D:3      | Became a worshipper of Xom of Chaos
  2660 | D:4      | Noticed a black bear
  2676 | D:3      | HP: 2/46 [black bear (1)]
  2676 | D:3      | Slain by a black bear

Illustrated notes

Levels and vault maps discovered:
D:1:      matt_arrival_refuge, layout_rooms
D:2:      layout_basic, uniq_robin
D:3:      layout_basic, dreamdust_ecumenical_altar_angels_and_demons,
          kennysheep_jessica_study
D:4:      layout_loops_ring, gup_sewer_entry_bubbles, mrwooster_statue_mirror,
          serial_bayou_pond_d, uniq_menkaure

Skill      XL: |  1  2  3  4 |
---------------+-------------+-----
Unarmed Combat | 4 5 |  5.3
Armour         | 1 2 |  2.3
Dodging        | 3 |  3.1
Fighting       | 4 |  4.1
Stealth        | |  2.1

Action                   |  1- 3 |  4- 6 || total
-------------------------+-------+-------++-------
Melee: Unarmed           |   117 |   118 ||   235
       Punch             |     1 |       ||     1
  Use: Potion            |       |     2 ||     2
 Stab: Sleeping          |     1 |     1 ||     2
Armor: Leather armour    |    41 |    58 ||    99
       Robe              |     2 |       ||     2
Dodge: Dodged            |   106 |   110 ||   216
